Map: Iron Fortress LE (Void)

Players

TT1

  • Race: Protoss Protoss

Pseudorandom - Winner!

VOD

http://www.twitch.tv/pseudorandom63/b/646849655

Description

Time

  • Played on: April 6, 2015, 11:58 p.m.
  • Length: 4:34
Show
View Real Time Build Order
Export as new Build Order

TT1 Protoss 

Build Orders:  

Get SALT Encoding   

  12  0:00  Probe  
  13  0:14  Pylon  
  13  0:17  Probe  
  14  0:32  Probe (Chrono Boost)  
  14  0:34  Gateway  
  16  0:43  Probe (Chrono Boost)  
  16  0:49  Probe  
  17  0:51  Assimilator  
  17  1:01  Probe (Chrono Boost)  
  17  1:02  Gateway  
  18  1:13  Probe (Chrono Boost)  
  19  1:21  Cybernetics Core, Probe (Chrono Boost)  
  20  1:25  Pylon  
  20  1:30  Probe  
  21  1:43  Probe  
  22  1:55  Probe  
  22  1:57  Adept (Chrono Boost)  
  22  1:58  Adept (Chrono Boost), Warp Gate (Chrono Boost)  
  27  2:16  Nexus  
  27  2:22  Pylon  
  27  2:25  Probe  
  28  2:30  Assimilator  
  28  2:32  Sentry  
  30  2:41  Probe  
  31  2:45  Forge  
  31  2:53  Probe  
  32  3:05  Probe  
  31  3:17  Probe, Assimilator  
  31  3:19  Assimilator  
  30  3:24  Photon Cannon  
  30  3:26  Stargate  
  30  3:28  Probe (Chrono Boost)  
  30  3:31  Probe (Chrono Boost)  
  32  3:35  Pylon  
  32  3:41  Probe (Chrono Boost)  
  33  3:46  Probe (Chrono Boost)  
  33  3:48  Probe (Chrono Boost)  
  35  3:50  Pylon  
  35  3:53  Probe  
  34  3:58  Probe  
  35  4:03  Stalker x2  
  35  4:08  Probe (Chrono Boost)  
  38  4:21  Probe (Chrono Boost)  
Show
View Real Time Build Order
Export as new Build Order

Pseudorandom Zerg - Winner!

Build Orders: Hatch First 

Get SALT Encoding   

  12  0:01  Drone  
  13  0:12  Overlord  
  13  0:17  Drone  
  14  0:30  Drone x2  
  17  0:35  Drone  
  17  0:45  Drone  
  18  0:56  Hatchery  
  17  1:00  Drone  
  18  1:09  Drone  
  19  1:15  Extractor  
  19  1:17  Drone  
  19  1:20  Spawning Pool  
  18  1:31  Drone  
  19  1:41  Drone  
  20  1:53  Overlord  
  20  2:07  Queen  
  22  2:08  Zergling x2  
  22  2:09  Queen  
  22  2:14  Drone, Extractor  
  22  2:15  Roach Warren  
  24  2:29  Spine Crawler  
  23  2:34  Drone x2  
  23  2:35  Drone  
  26  2:40  Drone  
  27  2:55  Zergling x8  
  30  3:02  Roach  
  29  3:16  Roach x2  
  33  3:25  Roach  
  35  3:28  Overlord  
  35  3:37  Ravager  
  36  3:44  Overlord  
  36  3:55  Ravager x3  
  38  4:02  Roach  
  38  4:07  Drone  
  39  4:11  Drone  
Tags
 
Add a new tag
Caveats
  • Supply blocks, unpowered buildings, or Contaminate may cause inaccurate times.
  • Supply counts are checked every 10 seconds.